 Dungeon Crawl Stone Soup version 0.30-a0-364-gf6b3ef1049 (webtiles) character file.

Game seed: 293090599112159449

23 Manisia the Caller (level 2, 0/15 HPs)
             Began as a Tengu Summoner on Nov 15, 2022.
             Slain by an adder (3 damage)
             ... on level 2 of the Dungeon.
             The game lasted 00:02:42 (1228 turns).

Manisia the Caller (Tengu Summoner)                 Turns: 1228, Time: 00:02:42

Health: 0/15       AC:  2    Str:  8    XL:     2   Next: 95%
Magic:  4/6        EV: 12    Int: 15    God:
Gold:   37         SH:  0    Dex: 14    Spells: 3/6 levels left

rFire   . . .      SeeInvis .    (no weapon)
rCold   . . .      Faith    .    (no shield)
rNeg    . . .      Spirit   .    a - +0 robe
rPois   .          Reflect  .    (helmet restricted)
rElec   .          Harm     .    (no cloak)
rCorr   .          Rampage  .    (no gloves)
Will    .....                    (boots unavailable)
Stlth   ++........               (no amulet)
HPRegen 0.22/turn                (no ring)
MPRegen 0.10/turn                (no ring)

@: very slightly contaminated
A: beak, talons 3
a: no special abilities


You were on level 2 of the Dungeon.
You visited 1 branch of the dungeon, and saw 2 of its levels.

You collected 37 gold pieces.

Inventory:

Missiles
 c - 23 stones
 d - 15 poisoned darts
Armour
 a - a +0 robe (worn)
Scrolls
 e - 2 scrolls of identify
Potions
 b - a potion of magic


   Skills:
 + Level 2.5 Dodging
 - Level 2.0 Stealth
 + Level 2.8 Spellcasting
 - Level 5.0 Summonings


You had 3 spell levels left.
You knew the following spells:

 Your Spells              Type           Power      Damage    Failure   Level
a - Summon Small Mammal   Summ           68%        N/A       2%          1
b - Call Imp              Summ           17%        N/A       4%          2

Your spell library contained the following spells:

 Spells                   Type           Power      Damage    Failure   Level
 Call Canine Familiar     Summ           17%        N/A       8%          3
 Summon Guardian Golem    Hex/Summ       9%         N/A       22%         3
 Summon Lightning Spire   Summ/Air       9%         N/A       58%         4


Dungeon Overview and Level Annotations

Branches:
Dungeon (2/15)

Altars:


Innate Abilities, Weirdness & Mutations

You have a beak for a mouth.
You have claws for feet.


Message History

You miscast Call Imp.
Nothing appears to happen.
Your quokka barely misses the adder.
The adder bites your quokka.
Unknown command.
Your quokka completely misses the adder.
The adder bites your quokka.
Your quokka is poisoned.
The adder poisons your quokka!
The gnoll hits your quokka with a +0 flail.
Your quokka dies!
Your quokka's corpse disappears in a puff of smoke!
Casting: Call Imp (safe; 4% risk of failure)
Confirm with . or Enter, or press ? or * to list all spells.
The adder barely misses you.
The gnoll hits your bat with a +0 flail!
Your bat dies!
Your bat's corpse disappears in a puff of smoke!
Unknown command.
Casting: Summon Small Mammal (safe; 2% risk of failure)
Confirm with . or Enter, or press ? or * to list all spells.
The adder misses you. The gnoll closely misses you.
The gnoll hits your quokka with a +0 flail.
Casting: Summon Small Mammal (safe; 2% risk of failure)
Confirm with . or Enter, or press ? or * to list all spells.
You don't have enough magic to cast this spell.
Unknown command.
Magic courses through your body. The adder bites you.
Your quokka bites the gnoll.
The gnoll hits your quokka with a +0 flail!
Your quokka dies!
Your quokka's corpse disappears in a puff of smoke!
The gnoll barely misses you.
Casting: Summon Small Mammal (safe; 2% risk of failure)
Confirm with . or Enter, or press ? or * to list all spells.
A beastly little devil appears in a puff of frigid air.
The adder completely misses you. The adder misses you.
The gnoll hits you from afar with a +0 halberd.
* * * LOW HITPOINT WARNING * * *
Unknown command.
The adder attacks as you move away! The adder bites you.
You die...

####...#≈..........
#......#≈...#####..
#......#≈..# ##.
#......#≈..# #.
#......'...# #§
#.....##≈..# #.
#..g..##≈..## ##.
#.5g†.##§...#####..
#.@Sl.##§.......§..
####g..#≈..[.......
#.#####.###≈≈≈≈≈≈.≈≈≈≈
#......g# #######'####
#######l# #..... .
####'############## ..
#...g........ ...
#............ ....
#............


You could see 3 gnolls, an adder (ally target), a frilled lizard and a friendly
white imp (summoned).

Vanquished Creatures (collateral kills)
  An adder (D:2)
  2 bats (D:2)
  3 endoplasms (D:1)
  2 giant cockroaches (D:2)
  A goblin (D:1)
  A kobold (D:1)
  2 rats (D:1)
12 creatures vanquished.

Notes
Turn   | Place    | Note
-------+----------+-------------------------------------------
     0 | D:1      | Manisia the Tengu Summoner began the quest for the Orb.
     0 | D:1      | Reached XP level 1. HP: 10/10 MP: 4/4
   407 | D:1      | Reached skill level 5 in Summonings
   685 | D:1      | Reached XP level 2. HP: 15/15 MP: 3/6
   688 | D:1      | Learned a level 2 spell: Call Imp
  1228 | D:2      | Slain by an adder

Illustrated notes

Levels and vault maps discovered:
D:1:      saegor_arrival_miasma, layout_basic
D:2:      layout_basic, grunt_ministairs_2, kennysheep_path_1,
          minmay_misc_feat_square, chequers_garden, hangedman_decor_points

Skill      XL: |  1 |
---------------+----+-----
Summonings     | 5 |  5.0
Dodging        | |  2.5
Stealth        | |  2.0
Spellcasting   | |  2.8

Action                   || total
-------------------------++-------
Melee: Unarmed           ||     3
       Kick              ||     1
 Cast: Summon Small Mamm ||    25
       Call Imp          ||     5
  Use: Potion            ||     3
       Scroll            ||     1
Armor: Robe              ||    10
Dodge: Dodged            ||    27

Table legend: (Time is in decaauts)
 A = Elapsed time spent in this place.
 B = Non-inter-level travel time spent in this place.
 C = Inter-level travel time spent in this place.
 D = Time resting spent in this place.
 E = Time spent auto-exploring this place.
 F = Levels seen in this place.
 G = Mean time per level.
                   A        B        C        D        E       F      G
               +--------+--------+--------+--------+--------+-----+--------+
         Total |   1227 |   1178 |     49 |      0 |   1015 |   2 |  613.5 |
       Dungeon |   1227 |   1178 |     49 |      0 |   1015 |   2 |  613.5 |
               +--------+--------+--------+--------+--------+-----+--------+

Top non-repeatable levels by time:
     D:1: 1047 daAuts
     D:2: 180 daAuts
